 Dungeon Crawl Stone Soup version 0.31-a0-965-g8a8ce12e04 (webtiles) character file.

Game seed: 10958049796866551108

14163 Pixllover the Geomancer (level 12, -6/66 HPs)
             Began as a Gargoyle Earth Elementalist on Oct 26, 2023.
             Was a High Priest of Vehumet.
             Mangled by a skeletal warrior
             ... wielding a +0 trident
              (16 damage)
             ... on level 11 of the Dungeon.
             The game lasted 00:36:30 (10844 turns).

Pixllover the Geomancer (GrEE)                     Turns: 10844, Time: 00:36:31

Health: -6/66      AC: 15    Str: 12    XL:     12   Next: 13%
Magic:  4/36       EV: 13    Int: 21    God:    Vehumet [*****.]
Gold:   511        SH:  0    Dex: 10    Spells: 20/34 levels left

rFire   + + .        h - staff of earth
rCold   . . .        (no shield)
rNeg    + . .        a - +0 robe
rPois   ∞            (no helmet)
rElec   +            M - +0 cloak
rCorr   .            J - +2 pair of gloves
SInv    .            A - +0 pair of boots of Onwicuko {rElec rF++}
Will    +....        e - amulet of faith
Stlth   +++          g - ring of willpower
HPRegen 0.31/turn    O - ring of magical power
MPRegen 0.25/turn

%: faith
@: no status effects
A: sickness immunity, AC +8, negative energy resistance 1, electricity
resistance, torment resistance 1, petrification resistance
a: Renounce Religion


You were on level 11 of the Dungeon.
You worshipped Vehumet.
Vehumet was extremely pleased with you.
You visited 2 branches of the dungeon, and saw 13 of its levels.
You also visited: Ossuary.

You collected 657 gold pieces.
You spent 146 gold pieces at shops.

Inventory:

Hand Weapons
 n - a +2 vampiric dagger
Missiles
 L - a throwing net
 P - 4 poisoned darts (quivered)
Armour
 a - a +0 robe (worn)
 A - the +0 pair of boots of Onwicuko (worn) {rElec rF++}
   (You found it on level 10 of the Dungeon)

   rF++:      It greatly protects you from fire.
   rElec:     It insulates you from electricity.
 J - a +2 pair of gloves (worn)
 M - a +0 cloak (worn)
Magical Staves
 h - a staff of earth (weapon)
Jewellery
 e - an amulet of faith (around neck)
 g - a ring of willpower (left hand)
 q - a +4 ring of protection
 w - a ring of protection from cold
 E - a ring of resist corrosion
 O - a ring of magical power (right hand)
Wands
 v - a wand of roots (11)
 C - a wand of flame (40)
 I - a wand of charming (24)
 R - a wand of polymorph (2)
Scrolls
 c - 3 scrolls of vulnerability
 d - a scroll of fear
 i - 3 scrolls of immolation
 k - 6 scrolls of enchant weapon
 l - a scroll of silence {unknown}
 m - a scroll of revelation
 r - 4 scrolls of teleportation
 u - 2 scrolls of butterflies
 y - a scroll of brand weapon {unknown}
 D - 3 scrolls of fog
 F - 2 scrolls of poison
 K - 2 scrolls of blinking {unknown}
 Q - a scroll of identify
Potions
 b - a potion of magic
 f - 4 potions of curing
 j - 3 potions of haste
 o - 2 potions of enlightenment
 p - 5 potions of heal wounds
 s - a potion of brilliance {unknown}
 t - 2 potions of lignification
 x - 4 potions of might
 z - a potion of attraction {unknown}
 B - a potion of mutation {unknown}
 H - a potion of resistance
 N - a potion of ambrosia {unknown}
Miscellaneous
 G - a lightning rod (4/4)


   Skills:
 + Level 3.7 Fighting
 + Level 1.0 Short Blades
 + Level 3.2 Staves
 + Level 4.2 Dodging
 + Level 4.7 Stealth
 + Level 0.3 Unarmed Combat
 + Level 11.5 Spellcasting
 + Level 6.2 Conjurations
 + Level 0.7 Transmutations
 + Level 13.8 Earth Magic


You had 20 spell levels left.
You knew the following spells:

 Your Spells              Type           Power      Damage    Failure   Level
a - Sandblast             Erth           100%       2d20      0%          1
b - Passwall              Tmut/Erth      49%        N/A       1%          2
c - Stone Arrow           Conj/Erth      100%       3d13      1%          3
d - Brom's Barrelling Bo  Conj/Erth      69%        2d8       1%          4
e - Frozen Ramparts       Ice            24%        1d4       4%          3
f - Foxfire               Conj/Fire      100%       2x1d9     1%          1

Your spell library contained the following spells:

 Spells                   Type           Power      Damage    Failure   Level
 Yara's Violent Unravell  Hex/Tmut       6%         3d5       32%         5
 Petrify                  Tmut/Erth      59%        N/A       2%          4
 Slow                     Hex            48%        N/A       5%          1
 Confusing Touch          Hex            12%        N/A       17%         3
 Sigil of Binding         Hex            12%        N/A       17%         3
 Vampiric Draining        Necr           12%        2d6       17%         3
 Starburst                Conj/Fire      12%        6d5       50%         6
 Summon Forest            Summ/Tloc      6%         N/A       83%         5
 Summon Mana Viper        Hex/Summ       12%        N/A       83%         5
 Plasma Beam              Fire/Air       6%         2x1d16    88%         6
 Summon Cactus Giant      Summ           6%         N/A       100%        6


Dungeon Overview and Level Annotations

Branches:
Dungeon (12/15)            Temple (1/1) D:4            Lair (0/5) D:10
    Orc (0/2) D:10        Ossuary (visited)

Altars:
Ashenzari
Cheibriados
Dithmenos
Elyvilon
Fedhas
Gozag
Hepliaklqana
Kikubaaqudgha
Makhleb
Nemelex Xobeh
Okawaru
Qazlal
Ru
Sif Muna
Trog
Uskayaw
Vehumet
Wu Jian
Xom
Yredelemnul
Zin
The Shining One

Shops:
D:4 (   D:5 **   D:7 !![=

Annotations:
D:5 2 transporters, Menkaure


Innate Abilities, Weirdness & Mutations

You are immune to sickness and miasma.
Your stone body is resilient. (AC +8)
You are immune to poison.
You resist negative energy. (rN+)
You are resistant to electric shocks. (rElec)
You are resistant to unholy torment.
You are immune to petrification.


Message History

Confirm with . or Enter, or press ? or * to list all spells.
Aiming: Sandblast (safe; 0% risk of failure)
Press: ? - help, Shift-Dir - straight line, f/p - skeletal warrior
Aim: a skeletal warrior, wielding a +0 trident (almost destroyed, 85% to hit)
You feel a surge of power!
The blast of sand hits the skeletal warrior.
The skeletal warrior is almost destroyed.
The skeletal warrior hits you from afar with a +0 trident.
The skeletal warrior barely misses you.
Casting: Sandblast (safe; 0% risk of failure)
Confirm with . or Enter, or press ? or * to list all spells.
Aiming: Sandblast (safe; 0% risk of failure)
Press: ? - help, Shift-Dir - straight line, f/p - skeletal warrior
Aim: a skeletal warrior, wielding a +0 trident (almost destroyed, 85% to hit)
You feel a surge of power!
The blast of sand hits the skeletal warrior but does no damage.
The skeletal warrior is almost destroyed.
The skeletal warrior closely misses you.
Casting: Sandblast (safe; 0% risk of failure)
Confirm with . or Enter, or press ? or * to list all spells.
Aiming: Sandblast (safe; 0% risk of failure)
Press: ? - help, Shift-Dir - straight line, f/p - skeletal warrior
Aim: a skeletal warrior, wielding a +0 trident (almost destroyed, 85% to hit)
You feel a surge of power!
The blast of sand hits the skeletal warrior.
The skeletal warrior is almost destroyed.
The skeletal warrior hits you from afar with a +0 trident!
* * * LOW HITPOINT WARNING * * *
The skeletal warrior hits you from afar with a +0 trident!
* * * LOW HITPOINT WARNING * * *
Casting: Sandblast (safe; 0% risk of failure)
Confirm with . or Enter, or press ? or * to list all spells.
Aiming: Sandblast (safe; 0% risk of failure)
Press: ? - help, Shift-Dir - straight line, f/p - skeletal warrior
Aim: a skeletal warrior, wielding a +0 trident (almost destroyed, 85% to hit)
You feel a surge of power!
The blast of sand hits the skeletal warrior but does no damage.
The skeletal warrior is almost destroyed.
The skeletal warrior hits you from afar with a +0 trident!
You die...

#.....#
+.....#
#...#.#
#####.....#
#.........#
#..#......#
##.........#
.........#.#
.####.@.#.#
#.....#
#..z..#
#.....#
#.###†# #.#
#.# # #.# #°#
###...#
#.###.#
######......#
#.....#


You could see a skeletal warrior.

Vanquished Creatures
  3 two-headed ogres
  A boulder beetle (D:7)
  4 skeletal warriors (D:11)
  Pikel (D:8)
  Maurice (D:9)
  Joseph (D:8)
  A gargoyle (D:7)
  A komodo dragon (D:10)
  A tengu conjurer (D:7)
  A wolf spider simulacrum (D:11)
  Prince Ribbit (D:7)
  A hornet (D:9)
  7 yaks (D:10)
  A vampire (D:9)
  A wraith (D:9)
  A basilisk (D:11)
  3 steam dragons
  3 vampire mosquitoes (D:11)
  2 water moccasins
  2 orc warriors
  Pargi (D:3)
  3 black bears
  4 sky beasts
  3 ogres
  5 centaurs
  2 lemures (D:8)
  2 phantoms
  2 kobold brigands
  3 bullfrogs
  3 scorpions
  6 wights
  22 killer bees
  An electric eel (D:7)
  4 howler monkeys
  A centaur zombie (Ossuary)
  A lava snake (D:9)
  8 hounds
  A human zombie (Ossuary)
  5 jellies
  2 orc priests (D:10)
  Ijyb (D:4)
  4 iguanas
  10 orc wizards
  A sleepcap (D:4)
  3 mummies (Ossuary)
  8 adders
  3 shadow imps
  2 white imps
  An ufetubus (D:6)
  2 worms (D:2)
  34 orcs
  12 bats
  3 endoplasms
  2 giant cockroaches (D:4)
  7 goblins
  9 hobgoblins
  3 jackals (D:2)
  8 kobolds
  3 ball pythons
  2 gnoll zombies (Ossuary)
  A hobgoblin zombie (Ossuary)
  3 orc zombies (Ossuary)
  3 rats (D:1)
241 creatures vanquished.

Vanquished Creatures (collateral kills)
  4 boulders (D:11)
4 creatures vanquished.

Vanquished Creatures (others)
  A kobold (D:7)
  2 boulders (D:9)
3 creatures vanquished.

Grand Total: 248 creatures vanquished

Notes
Turn   | Place    | Note
-------+----------+-------------------------------------------
     0 | D:1      | Pixllover the Gargoyle Earth Elementalist began the quest
                  | for the Orb.
     0 | D:1      | Reached XP level 1. HP: 10/10 MP: 3/3
   329 | D:1      | Reached skill level 4 in Earth Magic
   329 | D:1      | Reached XP level 2. HP: 10/15 MP: 0/5
   618 | D:1      | Found a faded altar of an unknown god.
  1040 | D:2      | Reached XP level 3. HP: 19/19 MP: 4/6
  1123 | D:2      | Reached XP level 4. HP: 24/24 MP: 2/8
  1262 | D:2      | You fall into a shaft and drop 2 floors!
  1279 | D:4      | Noticed Ijyb
  1409 | D:4      | Found a broken altar of Ashenzari.
  1421 | D:4      | Reached skill level 5 in Earth Magic
  1550 | D:3      | Reached XP level 5. HP: 28/28 MP: 8/10
  1787 | D:3      | Noticed Pargi
  1794 | D:3      | Killed Pargi
  1930 | D:3      | Reached XP level 6. HP: 32/33 MP: 7/11
  1984 | D:3      | Found a glowing golden altar of the Shining One.
  1992 | D:3      | Found a shimmering blue altar of Sif Muna.
  2603 | D:4      | Found a staircase to the Ecumenical Temple.
  2612 | D:4      | Reached skill level 1 in Short Blades
  2618 | Temple   | Entered the Ecumenical Temple
  2654 | Temple   | Became a worshipper of Vehumet
  2676 | D:4      | Learned a level 2 spell: Passwall
  2918 | D:4      | Killed Ijyb
  2939 | D:4      | Found Kiruid's Weapon Shop.
  3018 | D:4      | Noticed a water moccasin
  3174 | D:4      | Found a shadowy altar of Dithmenos.
  3342 | D:4      | Killed a water moccasin
  3343 | D:4      | Reached skill level 1 in Staves
  3343 | D:4      | Reached skill level 6 in Earth Magic
  3343 | D:4      | Reached XP level 7. HP: 35/37 MP: 10/13
  3355 | D:5      | Entered Level 5 of the Dungeon
  3428 | D:5      | Reached skill level 5 in Spellcasting
  3511 | D:5      | Noticed a vampire
  3517 | D:5      | Found a transporter.
  3537 | D:5      | Found a transporter.
  3537 | D:5      | Found an ancient bone altar of Kikubaaqudgha.
  3541 | D:5      | Noticed Menkaure
  3548 | D:5      | Found a basalt altar of Yredelemnul.
  3579 | D:5      | Reached skill level 1 in Fighting
  3607 | D:5      | Reached XP level 8. HP: 43/43 MP: 14/16
  3621 | D:5      | Learned a level 3 spell: Stone Arrow
  3651 | D:5      | Found Ikomem's Assorted Antiques.
  3660 | D:5      | Bought a wand of roots (1) for 81 gold pieces
  3919 | D:5      | Identified the +3 leather armour of Ehitedo {rElec rN+++
                  | Dex-2 Slay+3}
  3951 | D:5      | Found Poxygor's Neck Hole.
  4031 | D:6      | Reached skill level 7 in Earth Magic
  4160 | D:6      | Reached * piety under Vehumet
  4160 | D:6      | Offered knowledge of Magic Dart by Vehumet.
  4298 | D:6      | Reached skill level 8 in Earth Magic
  4299 | D:6      | Found an ornate altar of the Wu Jian Council.
  4546 | D:7      | Found Gosi's Armour Boutique.
  4602 | D:7      | Found Loshifui's Jewellery Boutique.
  4644 | D:7      | Found a sand-covered staircase.
  4664 | Ossuary  | Entered an ossuary
  4882 | Ossuary  | Offered knowledge of Freeze by Vehumet.
  4983 | D:7      | Reached ** piety under Vehumet
  4984 | D:7      | Reached XP level 9. HP: 48/48 MP: 16/19
  5037 | D:7      | Reached skill level 9 in Earth Magic
  5231 | D:7      | Noticed a gargoyle
  5233 | D:7      | Noticed Prince Ribbit
  5234 | D:7      | Noticed a boulder beetle
  5510 | D:7      | Found Cumom's Distillery.
  5518 | D:7      | Bought a potion of heal wounds for 65 gold pieces
  5610 | D:7      | Killed a boulder beetle
  5611 | D:7      | Reached skill level 1 in Conjurations
  5611 | D:7      | Reached skill level 10 in Earth Magic
  5640 | D:7      | Found Baps's Distillery.
  5793 | D:7      | Offered knowledge of Frozen Ramparts by Vehumet.
  5794 | D:7      | Reached XP level 10. HP: 54/55 MP: 11/22
  6111 | D:7      | Killed a gargoyle
  6111 | D:7      | Reached *** piety under Vehumet
  6155 | D:7      | Noticed a two-headed ogre
  6162 | D:7      | Killed a two-headed ogre
  6163 | D:7      | Reached skill level 11 in Earth Magic
  6688 | D:7      | Killed Prince Ribbit
  7112 | D:8      | Noticed a two-headed ogre
  7126 | D:8      | Killed a two-headed ogre
  7262 | D:8      | Noticed Pikel
  7269 | D:8      | Killed Pikel
  7397 | D:8      | Noticed a two-headed ogre
  7401 | D:8      | Killed a two-headed ogre
  7402 | D:8      | Reached skill level 10 in Spellcasting
  7402 | D:8      | Reached skill level 5 in Conjurations
  7402 | D:8      | Reached skill level 12 in Earth Magic
  7402 | D:8      | Reached XP level 11. HP: 60/60 MP: 19/25
  7413 | D:8      | Learned a level 4 spell: Brom's Barrelling Boulder
  7417 | D:8      | Learned a level 3 spell: Frozen Ramparts
  7453 | D:8      | Noticed Joseph
  7462 | D:8      | Killed Joseph
  7557 | D:8      | Offered knowledge of Flame Wave by Vehumet.
  7713 | D:8      | Identified the +1 long sword of Karma {freeze, rF+ Str+4}
  8622 | D:9      | Noticed Maurice
  8659 | D:9      | Something stole a ring of protection from cold
  8662 | D:9      | Something stole a lightning rod (4/4)
  8663 | D:9      | Something stole a +2 vampiric dagger
  8670 | D:9      | Maurice stole 433 gold
  8673 | D:9      | Killed Maurice
  8929 | D:9      | Reached **** piety under Vehumet
  8937 | D:9      | Offered knowledge of Arcjolt by Vehumet.
  9079 | D:9      | Found a shimmering altar of Xom.
  9519 | D:10     | Entered Level 10 of the Dungeon
  9601 | D:10     | Identified the +0 pair of boots of Onwicuko {rElec rF++}
  9741 | D:10     | Found a staircase to the Orcish Mines.
  9972 | D:10     | Reached ***** piety under Vehumet
  9973 | D:10     | Reached skill level 13 in Earth Magic
 10165 | D:10     | Found a staircase to the Lair.
 10361 | D:11     | Offered knowledge of Yara's Violent Unravelling by Vehumet.
 10364 | D:11     | Learned a level 1 spell: Foxfire
 10368 | D:11     | Noticed a skeletal warrior
 10368 | D:11     | Noticed a skeletal warrior
 10368 | D:11     | Noticed a skeletal warrior
 10449 | D:11     | Noticed a skeletal warrior
 10468 | D:11     | Killed a skeletal warrior
 10471 | D:11     | Killed a skeletal warrior
 10662 | D:11     | Noticed a skeletal warrior
 10672 | D:11     | Killed a skeletal warrior
 10673 | D:11     | Reached XP level 12. HP: 65/66 MP: 21/27
 10844 | D:11     | Mangled by a skeletal warrior

Illustrated notes

Levels and vault maps discovered:
D:1:      dpeg_arrival_lava_temple_mockup, layout_basic,
          chequers_ecumenical_altar_simple
D:2:      layout_rooms, dreamdust_princess_corridor,
          chequers_serial_rivers_small_b
D:3:      layout_loops_cross, mainiacjoe_overflow_catwalk_spiral,
          minmay_close_crescents, uniq_pargi
D:4:      layout_cave_pools, grunt_dithmenos_smoke_and_mirrors,
          cheibrodos_ashenzari_chains, temple_statues, serial_co_window_serial,
          co_window_paths_a, co_window_corner_a, co_window_paths_a,
          co_window_paths_a, co_window_cross_1, co_window_2corner,
          co_window_2corner, co_window_corner_cb, co_window_unsneaky_path_b,
          glass_columns_a, serial_shops, shop, kennysheep_dice, uniq_ijyb
D:5:      layout_basic, gammafunk_temple_of_torment, serial_shops,
          nicolae_shop_waterfront, nicolae_shop_sticking_my_neck_out
D:6:      layout_rooms, general_overflow_altar
D:7:      nzn_winding_woodlands_large [nzn_winding_woodlands_5x5_cross,
          nzn_winding_woodlands_5x15_parted, nzn_winding_woodlands_hourglass,
          nzn_winding_woodlands_center_lodge,
          nzn_winding_woodlands_15x15_eel_pit,
          nzn_winding_woodlands_center_diamonds,
          nzn_winding_woodlands_5x5_closed_star,
          nzn_winding_woodlands_5x15_river_crossing,
          nzn_winding_woodlands_5x5_three], layout_loops_ring, serial_shops,
          nicolae_shop_peninsula, shop, shop, nicolae_shop_rolling_square,
          lightli_ossuary_entry_decrepit_ruins, enter_bailey_2,
          hangedman_misty_isle, uniq_prince_ribbit1
D:8:      layout_basic, minmay_misc_feat_cross, uniq_joseph, uniq_pikel
D:9:      layout_basic, mainiacjoe_overflow_paths, kennysheep_generic_room_4,
          uniq_maurice
D:10:     layout_rooms, david_lair_shrubbed, orc_0_dummy
D:11:     minmay_gate_of_8, layout_stronghold, serial_column_ruins,
          column_ruins_hut, column_ruins_hut_water, column_ruins_grid_1,
          column_ruins_columns_straight, column_ruins_open_small,
          column_ruins_columns_plus, column_ruins_grid_1
D:12:     wad_bat_island, layout_basic, lemuel_another_geyser
Temple:   nicolae_temple_two_arcs

Skill      XL: |  1  2  3  4  5  6  7  8  9 10 11 |
---------------+----------------------------------+-----
Earth Magic    | 4 5 6 8 10 12 13 | 13.8
Spellcasting   | 3 4 5 6 8 10 11 | 11.5
Dodging        | 2 3 4 |  4.2
Short Blades   | 1 |  1.0
Staves         | 1 2 3 |  3.2
Stealth        | 3 4 |  4.7
Fighting       | 1 2 3 |  3.7
Conjurations   | 1 5 6 |  6.2
Unarmed Combat | |  0.3
Transmutations | |  0.7

Action                     |  1- 3 |  4- 6 |  7- 9 | 10-12 || total
---------------------------+-------+-------+-------+-------++-------
  Melee: Unarmed           |    13 |       |       |       ||    13
         Dagger            |       |    31 |       |       ||    31
         Staff             |       |    33 |    87 |    25 ||   145
         Punch             |       |       |     2 |       ||     2
   Cast: Sandblast         |    35 |    40 |   106 |    96 ||   277
         Stone Arrow       |       |       |    14 |   136 ||   150
         Brom's Barrelling |       |       |       |     6 ||     6
    Use: Scroll            |       |       |    12 |     7 ||    19
         Potion            |       |       |       |     1 ||     1
 Armour: Robe              |    26 |    50 |   108 |   205 ||   389
  Dodge: Dodged            |    49 |    55 |    66 |   165 ||   335

Table legend: (Time is in decaauts)
 A = Elapsed time spent in this place.
 B = Non-inter-level travel time spent in this place.
 C = Inter-level travel time spent in this place.
 D = Time resting spent in this place.
 E = Time spent auto-exploring this place.
 F = Levels seen in this place.
 G = Mean time per level.
                   A        B        C        D        E       F      G
               +--------+--------+--------+--------+--------+-----+--------+
         Total |  10999 |  10683 |    316 |   1710 |   4918 |  14 |  785.6 |
       Dungeon |  10681 |  10365 |    316 |   1710 |   4909 |  12 |  890.1 |
        Temple |     46 |     46 |      0 |      0 |      0 |   1 |   46.0 |
       Ossuary |    271 |    271 |      0 |      0 |      9 |   1 |  271.0 |
               +--------+--------+--------+--------+--------+-----+--------+

Top non-repeatable levels by time:
     D:7: 2069 daAuts
     D:9: 1512 daAuts
     D:8: 1214 daAuts
     D:4: 926 daAuts
     D:1: 908 daAuts
    D:10: 870 daAuts
     D:3: 853 daAuts
     D:2: 663 daAuts
     D:5: 660 daAuts
     D:6: 558 daAuts
 Ossuary: 271 daAuts
    D:11: 269 daAuts
    D:12: 174 daAuts
  Temple: 46 daAuts
